[Event "GER-ch Youth-U14 2022"]
[Site "Willingen"]
[Date "2022.06.06"]
[Round "3.5"]
[White "Haubold, Christian Lucas"]
[Black "Luebke, Florentin"]
[Result "1/2-1/2"]
[ECO "B36"]
[WhiteElo "1921"]
[BlackElo "1613"]
[Annotator "TA"]
[PlyCount "77"]
[EventDate "2022.06.05"]
[EventType "swiss"]
[EventRounds "9"]
[EventCountry "GER"]
[SourceTitle "playchess.com"]
[Source "ChessBase"]
[SourceQuality "1"]
[TimeControl "40/4500+30:900+30"]

1. e4 c5 2. Nf3 Nc6 3. d4 cxd4 4. Nxd4 g6 5. c4 Nf6 6. Nc3 d6 7. Be2 Nxd4 8. Qxd4 Bg7 9. O-O O-O 10. Qd3 Be6 11. Rb1 {[%emt 0:05:59] B36: Sicilian: Maroczy Bind: Gurgenidze System.} Rc8 12. b3 a6 {[%emt 0:01:16][%cal Ob7b5] [#]} 13. f3 $146 (13. Bd2 $14) ({Predecessor:} 13. Bd2 Qc7 14. Rbc1 Qc6 15. f4 b5 16. cxb5 axb5 17. Qxb5 Qa8 18. Qa6 d5 19. e5 {1-0 (32) Limberg,E (2249)-Flores,C (1725) Taubate 2021}) 13... Nd7 ({Black should play} 13... b5 $11) 14. Bb2 Qa5 15. f4 f5 16. Nd5 Bxd5 17. exd5 Qxa2 (17... Nc5 $5 18. Qe3 Qxa2 19. Bxg7 Kxg7 $11) 18. Bxg7 Kxg7 19. Bf3 Qa5 {[%emt 0:01:42] Against Qc3+} 20. b4 {[%emt 0:01:27] Prevents Qc5+.} (20. Rfe1 $11) 20... Qc7 $15 21. Qd4+ Kg8 (21... Kf7 $17) 22. Rfe1 (22. Rfc1 $15) 22... Rf7 (22... Qxc4 $17 23. Qe3 Qb5 24. Qxe7 Qb6+ 25. Qe3 Kf7 26. Qxb6 Nxb6) 23. Rec1 b6 24. g4 a5 25. bxa5 (25. Kh1 $15) 25... bxa5 $17 26. Rb5 {[%emt 0:00:39] Against Qc5} a4 27. Rc2 (27. gxf5 $17 {was necessary.} gxf5 28. Kh1) 27... Rg7 28. Qe3 Nc5 29. Kh1 Ra8 30. h4 (30. g5 $142) 30... Rb8 (30... h6 $19 {and Black stays clearly on top. White must now prevent ...Qc8.} 31. Ra2 Qd7) 31. Rcb2 Nb3 32. Rxb8+ Qxb8 33. Bd1 fxg4 34. Bxb3 {[%emt 0:00:32] [#]} (34. c5 $17 dxc5 35. Bxg4) 34... axb3 (34... Rf7 $1 $19 {Threatens to win with ...Qb4.} 35. Qc3 axb3 36. Rxb3 Qf8) 35. Rxb3 {[%emt 0:00:04] [#] KQR-KQR} Qc8 (35... Qc7 $1 $17 {Hoping for ...Rf7.} 36. Qd4 h5) 36. Kg2 $2 (36. Qe6+ $1 $11 {and White is okay.} Qxe6 37. dxe6) 36... h5 $2 (36... Rf7 $19 37. Qd4 h5) 37. Qd4 (37. Qe6+ $1 $11 Qxe6 38. dxe6) 37... Rf7 38. Kg3 Rf8 (38... Qf5 $19 {And now ...Rf8 would win.} 39. Qe3 Qc2) 39. Re3 {Weighted Error Value: White=0.48/Black=0.41} 1/2-1/2

[Event "GER-ch Youth-U14 2022"]
[Site "Willingen"]
[Date "2022.06.06"]
[Round "3.6"]
[White "Mader, Fabian"]
[Black "Honisch, Alexander"]
[Result "1-0"]
[ECO "C54"]
[WhiteElo "1652"]
[BlackElo "1878"]
[Annotator "NA RC COMBH"]
[PlyCount "100"]
[EventDate "2022.06.05"]
[EventType "swiss"]
[EventRounds "9"]
[EventCountry "GER"]
[SourceTitle "playchess.com"]
[Source "ChessBase"]
[SourceQuality "1"]
[TimeControl "40/4500+30:900+30"]

1. e4 e5 2. Nf3 Nc6 3. Bc4 Bc5 4. c3 Nf6 5. d3 d6 6. Bb3 h6 7. Nbd2 {[%emt 0:00:00] 7.0-0 is vanishing.} a5 8. h3 b5 9. Nf1 O-O 10. g4 {[%emt 0:00:00] [#]} d5 $146 ({Predecessor:} 10... Nh7 11. Ng3 a4 12. Bc2 Ne7 13. Nh4 Ng6 14. Nhf5 Nh4 15. Rg1 Bxf5 16. Nxf5 Nxf5 17. gxf5 {1-0 (50) Arciszewska,Z (1589)-Gornisiewicz,N (1485) Sypniewo 2022}) 11. Qe2 b4 12. g5 hxg5 13. Bxg5 dxe4 14. dxe4 a4 15. Bd5 Ba6 16. Qc2 Bb7 17. Rd1 Bd6 18. Rg1 b3 19. axb3 axb3 20. Bxb3 Na5 21. Ng3 Nxb3 22. Qxb3 Ba6 23. Nh5 Nxh5 24. Bxd8 $18 Raxd8 25. Rd2 Nf4 26. Qd1 Bb7 27. Nxe5 Rde8 28. Nc4 Rxe4+ 29. Ne3 Ra8 30. Rd4 Re7 31. Qg4 Ne6 32. Kd2 Be5 33. Nf5 Ree8 34. f4 Bf6 35. Rd7 Rad8 36. Rxd8 Rxd8+ 37. Kc1 Ra8 38. Nd4 Nc5 39. Re1 Nd3+ 40. Kd2 Nxe1 41. Kxe1 Ra2 42. Qe2 Ra8 43. Kd2 Bd5 44. Kc2 Rb8 45. Kc1 Kf8 46. Qh5 Rd8 47. c4 (47. Nf5 $18 Kg8 48. Ne3) 47... Be4 48. Qc5+ Kg8 49. Nc6 Ra8 50. Ne7+ Bxe7 1-0

[Event "GER-ch Youth-U14 2022"]
[Site "Willingen"]
[Date "2022.06.06"]
[Round "3.7"]
[White "Huber, Benedikt"]
[Black "Klaska, Philipp Leon"]
[Result "0-1"]
[ECO "C02"]
[WhiteElo "2288"]
[BlackElo "1946"]
[Annotator "TA"]
[PlyCount "76"]
[EventDate "2022.06.05"]
[EventType "swiss"]
[EventRounds "9"]
[EventCountry "GER"]
[SourceTitle "playchess.com"]
[Source "ChessBase"]
[SourceQuality "1"]
[TimeControl "40/4500+30:900+30"]

1. e4 e6 2. d4 d5 3. e5 c5 4. c3 Nc6 5. Nf3 Qb6 6. a3 Nh6 7. Be2 {[%emt 0:00:00] 7.Bd3 is a critical line. C02: French: Advance Variation.} (7. b4 $11) 7... cxd4 $15 8. cxd4 (8. b4 $11) 8... Nf5 $17 9. O-O {[%emt 0:01:55] Black is better.} Nfxd4 {[%emt 0:03:06] Black is more active.} 10. Nbd2 Nxe2+ 11. Qxe2 {[%emt 0:00:07] [#]} a5 $146 ({Predecessor:} 11... Bd7 12. Nb1 Qa6 13. Qxa6 bxa6 14. b4 Rb8 15. Nbd2 a5 16. bxa5 f6 17. exf6 gxf6 {0-1 (38) Bacila,M (2029)-Hladecek,M (2408) ICCF email 2009}) 12. Nb1 Qa6 13. Qd1 Be7 14. Nc3 O-O 15. Be3 a4 16. Rc1 Bd7 17. Re1 Rfc8 18. Qc2 Na5 19. Bg5 Bf8 20. Nd4 (20. Be3 $142) 20... Rc4 21. Rcd1 Qb6 22. Be3 Qc7 23. f4 Bxa3 24. Qf2 (24. bxa3 $142 Rxc3 25. Qb2) 24... Bc5 25. f5 Bxd4 ({Stronger than} 25... Qxe5 26. fxe6 fxe6 27. Nxe6 $17) 26. Bxd4 Nb3 27. Bb6 Qc6 28. f6 g6 29. g3 (29. Qe3 $142 Qc8 30. Nxd5 exd5 31. Rxd5) 29... Nc5 30. Bxc5 Qxc5 ({And not} 30... Rxc5 31. Qf4 Rc4 32. Ne4 (32. Qh6 $2 Qc5+ 33. Rd4 Qf8 $19) 32... Qb6+ 33. Kf1 $19) 31. Re3 $2 (31. Qxc5 Rxc5 32. Rc1) 31... b5 32. Kg2 $2 (32. Red3) 32... a3 $19 {[%emt 0:01:53] [#] aiming for ...d4. Black is clearly winning.} 33. Re2 Qxf2+ 34. Rxf2 b4 35. Ne2 a2 36. Ra1 b3 37. Nc3 d4 38. Ne4 Bc6 {[%emt 0:00:16] White got outplayed after the opening.  Weighted Error Value: White=0.68/Black=0.25 (precise)} 0-1

[Event "GER-ch Youth-U14 2022"]
[Site "Willingen"]
[Date "2022.06.06"]
[Round "3.8"]
[White "Haubold, Sebastian Marcel"]
[Black "Braeutigam, Alexander"]
[Result "1-0"]
[ECO "B95"]
[WhiteElo "1869"]
[BlackElo "1749"]
[Annotator "NA RC COMBH"]
[PlyCount "63"]
[EventDate "2022.06.05"]
[EventType "swiss"]
[EventRounds "9"]
[EventCountry "GER"]
[SourceTitle "playchess.com"]
[Source "ChessBase"]
[SourceQuality "1"]
[TimeControl "40/4500+30:900+30"]

1. e4 c5 2. Nf3 d6 3. d4 cxd4 4. Nxd4 Nf6 5. Nc3 a6 6. Bg5 e6 7. Qf3 Be7 8. O-O-O Nbd7 9. Bxf6 (9. a3 $11) 9... Bxf6 10. Qg3 Qc7 11. f4 b5 12. Bxb5 axb5 13. Ndxb5 Qc6 14. Nxd6+ Kf8 15. e5 Be7 16. f5 exf5 17. Nxf5 Qg6 18. Qf3 Rb8 19. Nxe7 Qg5+ 20. Kb1 Qxe7 21. Rhe1 Bb7 22. Qf4 g5 23. Qd4 Nc5 $18 24. Rf1 Ne6 25. Qg4 Kg7 26. Rf6 Qc7 27. Rdf1 Rhf8 28. Qh5 Bxg2 29. R1f2 Qb6 30. b3 Qc6 31. Rxf7+ Rxf7 32. Rxf7+ 1-0

[Event "GER-ch Youth-U14 2022"]
[Site "Willingen"]
[Date "2022.06.06"]
[Round "3.9"]
[White "Kocharin, Timur"]
[Black "Torosyan, Bagrat"]
[Result "1/2-1/2"]
[ECO "E61"]
[WhiteElo "1867"]
[BlackElo "1683"]
[Annotator "NA RC COMBH"]
[PlyCount "72"]
[EventDate "2022.06.05"]
[EventType "swiss"]
[EventRounds "9"]
[EventCountry "GER"]
[SourceTitle "playchess.com"]
[Source "ChessBase"]
[SourceQuality "1"]
[TimeControl "40/4500+30:900+30"]

1. d4 Nf6 2. c4 g6 3. Nc3 Bg7 4. Nf3 O-O 5. Bf4 d6 6. e3 Re8 7. Be2 Nbd7 8. O-O Nh5 9. Bg5 h6 10. Bh4 g5 11. Nd2 gxh4 12. Bxh5 c5 13. Nde4 $11 ({Don't play} 13. Qg4 Nf6 14. Qxh4 cxd4 15. exd4 Qb6 $11) (13. Qf3 $14 {is superior.} Rf8 14. d5) 13... cxd4 $1 14. exd4 Qa5 15. Re1 Rf8 {[%emt 0:11:06] [#]} 16. Nd5 $1 Qd8 17. Qf3 Nb6 18. Nxd6 exd6 19. Ne7+ Kh8 20. Bxf7 Bd7 21. c5 dxc5 22. dxc5 Na4 23. Rad1 Qc7 24. Ng6+ Kh7 25. Nxf8+ Rxf8 26. Re7 Nxc5 27. b4 Qd8 28. Rexd7 Nxd7 29. Qf5+ Kh8 30. Rxd7 Qc8 31. h3 Qc1+ 32. Kh2 Qe1 33. Rd5 Qe7 34. Rd7 Qe1 35. Rd5 Qe7 36. Rd7 Qe1 1/2-1/2

[Event "GER-ch Youth-U14 2022"]
[Site "Willingen"]
[Date "2022.06.06"]
[Round "3.10"]
[White "Fruth, David"]
[Black "Krüger, Arthur"]
[Result "0-1"]
[ECO "C12"]
[WhiteElo "1648"]
[BlackElo "1988"]
[Annotator "TA"]
[PlyCount "60"]
[EventDate "2022.06.05"]
[EventType "swiss"]
[EventRounds "9"]
[EventCountry "GER"]
[SourceTitle "playchess.com"]
[Source "ChessBase"]
[SourceQuality "1"]
[TimeControl "40/4500+30:900+30"]

1. e4 e6 2. d4 d5 3. Nc3 Nf6 4. Bg5 Bb4 5. e5 h6 6. Bc1 Ne4 7. Qg4 {[%emt 0:00:00] C12: French: Classical System: McCutcheon Variation.} g6 ({Don't do} 7... Nxc3 8. Qxg7 Kd7 9. Bd2 $16) 8. Nge2 c5 9. a3 {[%emt 0:00:00] White has an edge.} Bxc3+ 10. bxc3 {[%emt 0:00:00] White wants to play f3.} cxd4 11. cxd4 {[%emt 0:00:00] Black must now prevent f3.} Nc6 {[%emt 0:00:00][%cal Bb8c6,Bc6a5,Ba5c4,Bc4e3,Be3c2,Bc2a3][%mdl 32] [#] Hoping for ...Qa5+.} 12. Be3 $146 (12. c3 $14) ({Predecessor:} 12. c3 Qa5 13. Be3 Ne7 14. Qh3 f6 15. f3 Ng5 16. Qg4 Nf7 17. exf6 e5 18. Qg3 {1-0 (67) Kasimdzhanov,R (2700)-Smerdon,D (2513) Tromsoe 2014}) 12... Qb6 13. c3 (13. f3 h5 14. Qh3) 13... Qb2 14. Rc1 Na5 $1 ({Resist} 14... Qxa3 15. f3 Ng5 16. Qf4 $16 (16. h4 Nh7 $16)) 15. f3 Nc4 16. fxe4 Nxe3 17. Qf3 Nc2+ 18. Kd1 (18. Kf2 $11 {and White has nothing to worry.}) 18... dxe4 ({Black should play} 18... Nxa3 $19 {Threatens to win with ...Bd7.} 19. Ke1 dxe4 20. Qxe4 a5) 19. Qxe4 (19. Qf4 $15 Nxa3 20. Ng3) 19... Nxa3 $17 {[%emt 0:00:29] Black is more active.} 20. Nf4 Bd7 {[%emt 0:02:10][%cal Bc8d7,Bd7a4,Ba4c2][%mdl 32] And now ...Ba4+ would win.} 21. d5 (21. Nd3 $142 Ba4+ 22. Ke1 Nc2+ 23. Kd2) 21... exd5 $40 {[%emt 0:04:34][%mdl 128] Black goes for the king.} 22. Nxd5 (22. Qb4 Bg4+ 23. Be2 Bxe2+ 24. Nxe2 Qxb4 25. cxb4) 22... O-O-O {[%emt 0:00:25] Strongly threatening ...Bf5.} 23. Bd3 Kb8 24. e6 {[%emt 0:21:28] [#]} Ba4+ $1 25. Rc2 (25. Qxa4 Rxd5) 25... Bxc2+ 26. Ke1 {[%emt 0:00:57] [#]} Rxd5 $1 27. Qxd5 Qxc3+ 28. Kf2 Qd2+ 29. Kg1 Qe1+ 30. Bf1 Qe3# {Weighted Error Value: White=0.91/Black=0.29 (precise)} 0-1

[Event "GER-ch Youth-U14 2022"]
[Site "Willingen"]
[Date "2022.06.06"]
[Round "3.11"]
[White "Sauer, Tim"]
[Black "Schwan, Aaron"]
[Result "1-0"]
[ECO "B41"]
[WhiteElo "1769"]
[BlackElo "1671"]
[Annotator "NA RC COMBH"]
[PlyCount "87"]
[EventDate "2022.06.05"]
[EventType "swiss"]
[EventRounds "9"]
[EventCountry "GER"]
[SourceTitle "playchess.com"]
[Source "ChessBase"]
[SourceQuality "1"]
[TimeControl "40/4500+30:900+30"]

1. e4 c5 2. Nf3 e6 3. d4 cxd4 4. Nxd4 a6 5. c4 Qc7 6. Nc3 Nf6 7. a3 b6 8. Be3 Bb7 9. f3 d6 10. Be2 Nbd7 11. O-O Be7 12. Qd2 O-O 13. Rac1 Rfe8 14. Rfd1 Rac8 15. b4 Qb8 16. Nb3 Bd8 17. Bf4 Ne5 18. Bxe5 dxe5 19. c5 Qa7 20. Kh1 Nh5 21. Qd6 Bc7 22. cxb6 Qxb6 23. Qxb6 Bxb6 24. Na4 Be3 25. Rxc8 Rxc8 26. Nac5 Nf4 27. Bf1 Ba8 28. Bxa6 Rb8 29. g3 Ng6 30. Nd7 Re8 31. b5 f5 32. Nbc5 Nf8 33. Re1 Nxd7 34. Nxd7 Bd4 35. b6 Bc6 36. Rc1 Bxd7 37. Rc7 Ba4 38. b7 Ba7 39. exf5 exf5 40. Rc8 e4 41. fxe4 fxe4 42. Bc4+ Kh8 43. Bf7 Bd1 44. Rxe8# 1-0

[Event "GER-ch Youth-U14 2022"]
[Site "Willingen"]
[Date "2022.06.06"]
[Round "3.12"]
[White "Jahnz, Laurin"]
[Black "Wunderlich, Elias"]
[Result "0-1"]
[ECO "C00"]
[WhiteElo "1681"]
[BlackElo "1619"]
[Annotator "NA RC COMBH"]
[PlyCount "60"]
[EventDate "2022.06.05"]
[EventType "swiss"]
[EventRounds "9"]
[EventCountry "GER"]
[SourceTitle "playchess.com"]
[Source "ChessBase"]
[SourceQuality "1"]
[TimeControl "40/4500+30:900+30"]

1. e4 e6 2. d3 d5 3. Nd2 Nf6 4. Ngf3 Nc6 5. g3 dxe4 6. dxe4 Bc5 7. Bg2 e5 8. O-O O-O 9. c3 a5 10. a4 Qe7 11. Qe2 Rd8 12. Nc4 h6 13. Nh4 b6 14. Nf5 Qe8 15. Qf3 Qe6 16. Nce3 Ne7 17. Bh3 Nxf5 18. Nxf5 Qc6 19. Bg2 Bb7 20. Re1 Rd7 21. g4 Rad8 22. h4 Rd3 23. Be3 Qe6 24. Qe2 Bxe3 25. Nxe3 Bxe4 26. Bxe4 Nxe4 27. Nf5 Nd2 28. Nd4 R8xd4 29. cxd4 Nf3+ 30. Kf1 Qxg4 0-1

[Event "GER-ch Youth-U14 2022"]
[Site "Willingen"]
[Date "2022.06.06"]
[Round "3.13"]
[White "Sommer, Justus"]
[Black "Deschler, Arne"]
[Result "1-0"]
[ECO "B13"]
[WhiteElo "1868"]
[BlackElo "1646"]
[Annotator "NA RC COMBH"]
[PlyCount "49"]
[EventDate "2022.06.05"]
[EventType "swiss"]
[EventRounds "9"]
[EventCountry "GER"]
[SourceTitle "playchess.com"]
[Source "ChessBase"]
[SourceQuality "1"]
[TimeControl "40/4500+30:900+30"]

1. e4 c6 2. d4 d5 3. exd5 cxd5 4. c4 Nf6 5. Nc3 Bf5 6. Bg5 dxc4 7. Bxc4 e6 8. d5 Qb6 ({Better is} 8... Be7 $14) 9. Bxf6 gxf6 10. Nge2 Bc5 11. O-O Nd7 12. Ng3 Qxb2 13. Nxf5 exf5 14. Qe1+ Ne5 {Much less strong is} 15. Rb1 $6 Qc2 (15... Qa3 $16) 16. Rc1 Qb2 17. Bb3 $18 Kd8 18. Na4 Qd4 19. Nxc5 Rg8 20. Qe3 Qg4 21. Qg3 Nf3+ 22. gxf3 Qxf3 23. Qxg8+ Ke7 24. Rfe1+ Kd6 25. Nxb7+ 1-0

[Event "GER-ch Youth-U14 2022"]
[Site "Willingen"]
[Date "2022.06.06"]
[Round "3.14"]
[White "Chinguun Sundui"]
[Black "Linnemann, Caspar"]
[Result "1/2-1/2"]
[ECO "A43"]
[WhiteElo "1731"]
[BlackElo "1720"]
[Annotator "NA RC COMBH"]
[PlyCount "72"]
[EventDate "2022.06.05"]
[EventType "swiss"]
[EventRounds "9"]
[EventCountry "GER"]
[SourceTitle "playchess.com"]
[Source "ChessBase"]
[SourceQuality "1"]
[TimeControl "40/4500+30:900+30"]

1. d4 Nf6 2. Nf3 c5 3. d5 d6 4. Nc3 Nbd7 5. e4 g6 6. Bb5 a6 7. Bxd7+ Nxd7 8. a4 Bg7 9. O-O O-O 10. Bf4 b6 11. Qe2 f6 12. Qd2 Ne5 13. Nxe5 fxe5 14. Bh6 Bd7 15. h4 Qe8 16. Bxg7 Kxg7 17. f4 exf4 18. Rxf4 Rxf4 19. Qxf4 Qf7 20. Qg3 Qf6 21. Rd1 Rf8 22. b3 h5 23. Re1 Qd4+ 24. Re3 Qf6 25. Rf3 Qd4+ 26. Re3 Qf6 27. e5 Qf1+ 28. Kh2 Qf4 29. e6 Be8 30. Rf3 Qxg3+ 31. Kxg3 Rxf3+ 32. Kxf3 g5 33. hxg5 Bg6 34. Ne4 Bf5 35. c3 Kg6 36. Nd2 Kxg5 1/2-1/2

[Event "GER-ch Youth-U14 2022"]
[Site "Willingen"]
[Date "2022.06.06"]
[Round "3.15"]
[White "Winkler, Yonathan"]
[Black "Sinka, Silas"]
[Result "1-0"]
[ECO "C01"]
[WhiteElo "1699"]
[BlackElo "1386"]
[Annotator "NA RC COMBH"]
[PlyCount "49"]
[EventDate "2022.06.05"]
[EventType "swiss"]
[EventRounds "9"]
[EventCountry "GER"]
[SourceTitle "playchess.com"]
[Source "ChessBase"]
[SourceQuality "1"]
[TimeControl "40/4500+30:900+30"]

1. e4 e6 2. d4 d5 3. exd5 exd5 4. Nf3 Bd6 5. c4 dxc4 6. Bxc4 Nf6 7. O-O O-O 8. Bg5 h6 9. Bh4 Bf5 10. Qb3 Nc6 11. Qxb7 Nb4 12. a3 Rb8 13. Qxa7 Qd7 14. axb4 Be4 15. Qa2 Qg4 16. Nbd2 Rxb4 17. Nxe4 Qxe4 18. Rfe1 Qb7 19. b3 Nd5 20. Qc2 f5 21. Be7 Bxe7 22. Rxe7 Kh8 23. Bxd5 Qxd5 24. Qc5 Qxb3 25. Re3 1-0

[Event "GER-ch Youth-U14 2022"]
[Site "Willingen"]
[Date "2022.06.06"]
[Round "3.16"]
[White "Schreidl, Michael"]
[Black "Kieselbach, Jannik"]
[Result "0-1"]
[ECO "B92"]
[WhiteElo "1614"]
[BlackElo "1631"]
[Annotator "NA RC COMBH"]
[PlyCount "132"]
[EventDate "2022.06.05"]
[EventType "swiss"]
[EventRounds "9"]
[EventCountry "GER"]
[SourceTitle "playchess.com"]
[Source "ChessBase"]
[SourceQuality "1"]
[TimeControl "40/4500+30:900+30"]

1. e4 c5 2. Nf3 d6 3. d4 cxd4 4. Nxd4 Nf6 5. Nc3 a6 6. Be2 e5 7. Nb3 Be6 8. f4 Nc6 9. f5 Bc8 10. g4 Be7 11. Rg1 h6 12. Be3 b5 13. a3 Bb7 14. h4 Nh7 15. h5 Bh4+ 16. Kf1 Bg5 17. Bxg5 Nxg5 18. Qd3 Qd7 19. Rd1 Rd8 20. f6 O-O 21. Nd5 Qe6 22. Ke1 gxf6 23. Rf1 Nh7 24. Ne3 Ne7 25. Nd5 Nxd5 26. exd5 Qe7 27. Qf5 Bc8 28. Qf2 Kg7 29. Na5 Bd7 30. Nb3 Ng5 31. Qe3 Rc8 32. c3 Rfe8 33. Nd2 e4 34. Rf4 Qe5 35. Nb3 Re7 36. Nd4 Nf3+ 37. Kf2 Nxd4 38. Rxd4 Qg5 39. Rfxe4 Rxe4 40. Qxe4 Re8 41. Qf3 Qh4+ 42. Kg2 Qg5 43. Kf2 Re5 44. Qg3 Qc1 45. b4 Qxa3 46. Rd1 Qb2 47. Qf3 Qc2 48. Rf1 Qd2 49. Rd1 Qg5 50. Rd4 Bc8 51. Bd3 Qd2+ 52. Be2 Qg5 53. Bd3 Qh4+ 54. Qg3 Qxg3+ 55. Kxg3 Rg5 56. Kh4 f5 57. gxf5 Bxf5 58. Bxf5 Rxf5 59. Rd3 Kf6 60. Kg4 Rg5+ 61. Kh4 Ke5 62. Rd4 f5 63. Rd3 f4 64. Rd1 f3 65. Rf1 Kf4 66. Kh3 Rxh5# 0-1

[Event "GER-ch Youth-U14 2022"]
[Site "Willingen"]
[Date "2022.06.06"]
[Round "3.17"]
[White "Mueller, Maximilian"]
[Black "Goldinov, Daniel"]
[Result "1-0"]
[ECO "B12"]
[WhiteElo "2299"]
[BlackElo "1626"]
[Annotator "TA"]
[PlyCount "59"]
[EventDate "2022.06.05"]
[EventType "swiss"]
[EventRounds "9"]
[EventCountry "GER"]
[SourceTitle "playchess.com"]
[Source "ChessBase"]
[SourceQuality "1"]
[TimeControl "40/4500+30:900+30"]

1. e4 c6 2. d4 d5 3. e5 c5 4. dxc5 Nc6 5. a3 Nxe5 6. b4 {[%emt 0:00:00] B12: Caro-Kann: Advance Variation.} a6 (6... g6 $11 {keeps the balance.}) 7. Bb2 $1 $16 Nc6 {[%emt 0:00:00] [#]} 8. Nc3 $146 {[%emt 0:00:00][%cal Bb1c3,Bc3a4,Ba4b6][%mdl 32] White is better.} ({Predecessor:} 8. Nf3 Bg4 9. Be2 Nf6 10. Nbd2 e6 11. O-O Be7 12. h3 Bh5 13. Ne5 Nxe5 14. Bxe5 {½-½ (41) Shkapenko,P (2418)-Sapis,W (2389) Jastrzebia Gora 2016}) 8... Nf6 {[%emt 0:00:00] [#]} 9. Na4 $1 e5 10. Nb6 Rb8 11. Qe2 {[%emt 0:03:01] White is more active.} Qc7 (11... Be7 $14) 12. Rd1 ({White should try} 12. Nf3 $16) 12... Be6 ({Black should play} 12... Be7 $14) 13. Nf3 d4 14. c3 d3 {[%emt 0:20:25] [#]} 15. Qe3 {[%emt 0:06:53] Black must now prevent c4.} ({And not} 15. Qxd3 e4 16. Qe3 exf3 $15) 15... e4 16. Nd4 ({White has to play} 16. Ng5 $16) 16... Nxd4 (16... Be7 $14) 17. cxd4 {[%emt 0:00:20] Threatens to win with f3.} Bd6 {[%emt 0:02:19] This move loses the game for Black.} 18. d5 $1 $18 Bf4 19. d6 d2+ (19... Qxd6 $142 20. cxd6 Bxe3 21. fxe3 Rd8 22. Bxf6 gxf6) 20. Rxd2 {[%emt 0:03:20] Really sharp!} Bxe3 21. dxc7 Bxd2+ 22. Kxd2 Rc8 23. Nxc8 Bxc8 24. Bc4 O-O $2 (24... Ke7 25. a4 Be6) 25. Bxf6 {[%emt 0:03:02] White is clearly winning.} gxf6 26. Ke3 Re8 27. Rd1 f5 28. Rd8 Rf8 29. b5 Kg7 30. b6 {Weighted Error Value: White=0.14 (very precise) /Black=0.45} 1-0

[Event "GER-ch Youth-U14 2022"]
[Site "Willingen"]
[Date "2022.06.06"]
[Round "3.18"]
[White "Uhlmann, Tim"]
[Black "Mainka, Ingmar"]
[Result "1/2-1/2"]
[ECO "B34"]
[WhiteElo "1776"]
[BlackElo "1427"]
[Annotator "NA RC COMBH"]
[PlyCount "52"]
[EventDate "2022.06.05"]
[EventType "swiss"]
[EventRounds "9"]
[EventCountry "GER"]
[SourceTitle "playchess.com"]
[Source "ChessBase"]
[SourceQuality "1"]
[TimeControl "40/4500+30:900+30"]

1. e4 c5 2. Nf3 Nc6 3. d4 cxd4 4. Nxd4 g6 5. Nc3 Bg7 6. Be3 Nf6 7. f3 O-O 8. Bc4 Qb6 9. Qd2 Nxe4 10. fxe4 Nxd4 11. O-O-O Qb4 12. Bxf7+ Rxf7 13. Bxd4 Bxd4 14. Qxd4 Qxd4 15. Rxd4 d6 16. Nd5 Bd7 17. Re1 Bc6 18. Re2 Rc8 19. b3 Kf8 20. Kb2 Ke8 21. c4 b5 22. Rc2 Bxd5 23. cxd5 Rxc2+ 24. Kxc2 Kd7 25. Rd2 Kc7 26. b4 Rf1 1/2-1/2

[Event "GER-ch Youth-U14 2022"]
[Site "Willingen"]
[Date "2022.06.06"]
[Round "3.19"]
[White "Eichhorn, Valentin"]
[Black "Weyerer, Noah"]
[Result "0-1"]
[ECO "A96"]
[WhiteElo "1565"]
[BlackElo "1555"]
[Annotator "NA RC COMBH"]
[PlyCount "76"]
[EventDate "2022.06.05"]
[EventType "swiss"]
[EventRounds "9"]
[EventCountry "GER"]
[SourceTitle "playchess.com"]
[Source "ChessBase"]
[SourceQuality "1"]
[TimeControl "40/4500+30:900+30"]

1. d4 e6 2. c4 f5 3. g3 Nf6 4. Bg2 Be7 5. Nf3 O-O 6. O-O d6 7. Nc3 Ne4 8. Qc2 Nxc3 9. Qxc3 Bf6 10. Qc2 e5 11. dxe5 dxe5 12. Rd1 Qe7 13. e4 f4 14. Bd2 g5 15. Ne1 Nc6 16. Bc3 Be6 17. b3 Qf7 18. Nd3 Qh5 19. Rd2 f3 20. Qd1 Bg7 21. Ne1 Bg4 22. Bf1 Rf6 23. Rd3 Rh6 24. h3 Rf8 25. Nxf3 Bxf3 26. Rxf3 Qxf3 27. Qxf3 Rxf3 28. Bd2 Rg6 29. Be2 Nd4 30. Kf1 Nxe2 31. Kxe2 Rf7 32. Rd1 Rd6 33. Be3 Rxd1 34. Kxd1 Rd7+ 35. Ke2 h6 36. b4 b6 37. a4 Bf8 38. Bd2 Rd4 0-1

[Event "GER-ch Youth-U14 2022"]
[Site "Willingen"]
[Date "2022.06.06"]
[Round "3.20"]
[White "Kempe, Caius Emilian"]
[Black "Miller, Elias"]
[Result "1-0"]
[ECO "D20"]
[WhiteElo "1973"]
[BlackElo "1548"]
[Annotator "TA"]
[PlyCount "41"]
[EventDate "2022.06.05"]
[EventType "swiss"]
[EventRounds "9"]
[EventCountry "GER"]
[SourceTitle "playchess.com"]
[Source "ChessBase"]
[SourceQuality "1"]
[TimeControl "40/4500+30:900+30"]

1. d4 d5 2. c4 dxc4 3. e3 e5 4. Bxc4 exd4 5. Nf3 Nf6 (5... Bb4+ $11 {remains equal.} 6. Bd2 Bxd2+ 7. Qxd2 (7. Kxd2 dxe3+ 8. Ke2 Qf6 $17) 7... Nf6) 6. Qb3 $16 {[%emt 0:00:00] D20: Queen's Gambit Accepted: 3 e3 and 3 e4.} ({Much worse is} 6. Nxd4 $6 Bd6 $11) ({But not} 6. exd4 Bb4+ 7. Nc3 Qe7+ 8. Ne5 O-O $14) ({Much weaker is} 6. Qxd4 Bd6 $11) 6... Qe7 {[%emt 0:00:00] [#]} (6... Bd6) (6... Bd6 $16) 7. O-O $1 $18 Qb4 (7... d3 $142) 8. Bxf7+ {[%emt 0:00:20] White is clearly better.} Kd8 {[%emt 0:00:16] [#]} 9. Qc2 $146 ({Predecessor:} 9. Qd3 Nc6 10. exd4 Bd6 11. Nc3 Rf8 12. Nd5 Nxd5 13. Bxd5 Ne7 14. Be4 Bd7 15. Bg5 {1-0 (24) Erdene,G (2320)-Jigjidsuren,P (2256) Ulaanbaatar 2011}) 9... c5 $2 (9... Nc6 10. exd4 Bg4) 10. a3 Qb6 11. exd4 cxd4 {[%emt 0:00:34] [#]} 12. Nxd4 $1 {[%emt 0:01:06][%mdl 512] Threatens to win with Rd1.} Bd6 (12... Nc6 13. Be3) 13. Rd1 Ke7 14. Bc4 Rd8 15. Qe2+ Kf8 16. Be3 Qc7 17. Nc3 {[%emt 0:01:42] aiming for Ndb5.} Nc6 18. Ncb5 Nxd4 19. Bxd4 Bxh2+ 20. Kh1 {[%emt 0:01:40] White threatens Bc5+ and mate.} Qf4 21. Bc5+ {[%emt 0:00:17] Black did not feel at home in the position after the opening.  Weighted Error Value: White=0.38/Black=1.35} 1-0